 Dungeon Crawl Stone Soup version 0.18.1-5-g4a78601 (webtiles) character file.

53959 Wooh the Spry (level 14, -19/66 HPs)
             Began as a Felid Enchanter on May 9, 2016.
             Was a High Priest of Nemelex Xobeh.
             Killed themself with a badly aimed orb of electricity (44 damage)
             ... on level 2 of the Orcish Mines on May 10, 2016.
             The game lasted 02:36:16 (32908 turns).

Wooh the Spry (Felid Enchanter)                    Turns: 32908, Time: 02:36:16

Health: -19/66     AC:  3    Str:  3    XL:     14   Next: 32%
Magic:  24/24      EV: 41    Int: 21    God:    Nemelex Xobeh [*****.]
Gold:   2660       SH:  0    Dex: 20    Spells: 7 memorised, 9 levels left
                                        Lives:  0   Deaths: 4

rFire  + . .     SeeInvis +       - Unarmed
rCold  + . .     Gourm    .     (armour unavailable)
rNeg   . . .     Faith    .     (shield unavailable)
rPois  .         Spirit   .     (helmet unavailable)
rElec  .         Dismiss  .     (cloak unavailable)
rCorr  .         Reflect  .     (gloves unavailable)
SustAt .         Harm     .     (boots unavailable)
MR     ++...                    (no amulet)
Stlth  ++++++++..               v - +5 ring of evasion
                                Q - +4 ring of slaying

@: quick, very resistant to hostile enchantments, extraordinarily stealthy
A: no armour, no weapons or thrown items, claws 1, fangs 3, see invisible,
carnivore 3, clever 1, fire resistance 1, speed 1, shaggy fur 3, slow metabolism
1, sharp paws
a: Triple Draw, Deal Four, Stack Five, Renounce Religion


You were on level 2 of the Orcish Mines.
You worshipped Nemelex Xobeh.
Nemelex Xobeh was extremely pleased with you.
You were completely stuffed.

You visited 4 branches of the dungeon, and saw 23 of its levels.
You also visited: Ice Cave and Volcano.

You collected 2742 gold pieces.

Inventory:

Jewellery
 h - an uncursed ring of positive energy
 u - an uncursed ring of protection from magic
 v - a +5 ring of evasion (right paw)
 Q - a +4 ring of slaying (left paw)
 W - an uncursed ring of protection from cold
Wands
 i - a wand of digging (18/24)
 y - a wand of hasting (3/9)
 G - a wand of paralysis (5/24)
Scrolls
 e - 8 scrolls of teleportation
 j - 6 scrolls of recharging
 n - a scroll of noise {unknown}
 s - 9 scrolls of remove curse
 t - 2 scrolls of magic mapping
 H - a scroll of fear
 O - 7 scrolls of blinking
Potions
 c - 6 potions of curing
 f - 7 potions of heal wounds
 k - 5 potions of lignification
 l - 2 potions of invisibility
 m - 9 potions of agility {unknown}
 o - 3 potions of experience {unknown}
 q - 3 potions of flight
 r - 3 potions of cancellation {unknown}
 x - 5 potions of might
 A - 2 potions of mutation {unknown}
 J - a potion of beneficial mutation {unknown}
 N - 4 potions of berserk rage
 P - 2 potions of brilliance {unknown}
 R - 2 potions of resistance
 U - 5 potions of magic
Books
 w - a book of Minor Magic

   Spells                             Type                      Level
   a - Magic Dart                     Conjuration                  1
   b - Blink                          Translocation                2
   c - Call Imp                       Summoning                    2
   d - Repel Missiles                 Charms/Air                   2
   e - Slow                           Hexes                        2
   f - Conjure Flame                  Conjuration/Fire             3
   g - Mephitic Cloud                 Conjuration/Poison/Air       3
Miscellaneous
 a - a disc of storms
 g - an ornate deck of destruction
 p - a legendary deck of destruction {drawn: 4}
 B - an ornate deck of war {drawn: 2}
 C - a sack of spiders
 D - a legendary deck of escape {drawn: 7}
 L - a plain deck of destruction
 M - a disc of storms
 S - a legendary deck of war {drawn: 1}
 T - a plain deck of escape
 V - a plain deck of war {drawn: 2}
 X - a plain deck of escape
 Z - an ornate deck of destruction
Comestibles
 b - 9 meat rations
 d - 7 slices of pizza
 z - a royal jelly
 E - 6 chunks of flesh
 K - 2 beef jerkies


   Skills:
 - Level 10.5 Fighting
 + Level 19.7 Dodging
 - Level 15.7 Stealth
 - Level 10.6 Unarmed Combat
 - Level 6.0 Spellcasting
 - Level 12.2 Hexes
 - Level 7.5 Evocations


You had 9 spell levels left.
You knew the following spells:

 Your Spells              Type           Power        Failure   Level  Hunger
a - Blink                 Tloc           N/A          14%         2    None
b - Confuse               Hex            ######..     1%          3    ##.....
c - Ensorcelled Hibernat  Hex/Ice        ####..       1%          2    None
d - Tukima's Dance        Hex            ######..     1%          3    ##.....
e - Dazzling Spray        Conj/Hex       ####....     2%          3    ##.....
f - Summon Butterflies    Summ           #.......     12%         1    None
g - Repel Missiles        Chrm/Air       #.....       14%         2    None


Dungeon Overview and Level Annotations

Branches:
Dungeon (12/15)            Temple (1/1) D:7            Lair (8/8) D:11
 Shoals (0/4) Lair:6        Snake (0/4) Lair:4        Slime (0/6) Lair:8
    Orc (2/2) D:11
    Elf: Orc:2

Altars:
Ashenzari
Cheibriados
Dithmenos
Elyvilon
Fedhas
Gozag
Kikubaaqudgha
Makhleb
Nemelex Xobeh
Okawaru
Pakellas
Qazlal
Ru
Sif Muna
Trog
Vehumet
Xom
Yredelemnul
Zin
The Shining One
Jiyva

Shops:
D:10 *   Orc:1 =%*[(


Innate Abilities, Weirdness & Mutations

You cannot wear armour.
You are incapable of wielding weapons or throwing items.
You have sharp claws.
You have razor-sharp teeth.
You have supernaturally acute eyesight.
You are carnivorous and can eat meat at any time.
You cover ground quickly.
Your thick and shaggy fur keeps you warm (AC +3, rC+).
You have a slow metabolism.
Your sharp claws are effective at attacking unaware monsters.
Your mind is acute. (Int +2)
Your flesh is heat resistant.


Message History

Found 25 gold pieces.
There is a stone staircase leading up here.
Evoke which item? (* to show all) (? for menu, Esc to quit)
The disc erupts in an explosion of electricity!
The orb of electricity explodes!
The orb of electricity engulfs the orc.
You kill the orc!
The orb of electricity engulfs the orc.
You kill the orc!
The orb of electricity engulfs you!
Ouch! That really hurt!
The orb of electricity engulfs the orc wizard.
You kill the orc wizard!
The orb of electricity engulfs the orc.
You kill the orc!
The orb of electricity engulfs the orc warrior.
The orc warrior is heavily wounded.
The orb of electricity explodes!
The orb of electricity engulfs you!
Ouch! That really hurt!
You die...
Your body glows with a rainbow of weird colours and disappears.

#....o.....#..
#......... ..
#.......o...
........ .
#..)....# .
....#.##...
##.#$†.......
#...)@.......
#..#)o.......
#.. ##........
. ######... ..
.


You could see an orc sorcerer (wandering), an orc warrior and an orc priest.

Vanquished Creatures
  A frost giant (IceCv)
  An emperor scorpion (IceCv)
  A stone giant (Orc:1)
  2 fire dragons (Lair:8)
  Fannar (Orc:1)
  7 hydras
  An ice dragon (Lair:6)
  2 catoblepae
  9 death yaks
  The ghost of barb4r1an the Thaumaturge, a journeyman DECj of Vehumet (Lair:2)
  Sonja (D:11)
  A deep elf knight (Volcano)
  A giant orange brain (Lair:8)
  2 hill giants
  2 lindwurms (Lair:8)
  Pikel (D:9)
  2 griffons (Lair:8)
  2 cyclopes (D:11)
  4 deep elf magi (Volcano)
  An orc sorcerer (Orc:1)
  14 black mambas
  10 elephants
  Joseph (D:8)
  Psyche (D:8)
  5 torpor snails (Lair:8)
  An ice statue (IceCv)
  A siren (Lair:6)
  17 spiny frogs
  13 rime drakes
  10 komodo dragons
  A tengu conjurer (D:10)
  2 trolls
  11 polar bears
  4 giant leeches (Lair:8)
  Prince Ribbit (D:9)
  A raiju (D:10)
  24 blink frogs
  A snapping turtle (D:10)
  2 centaur simulacra
  Eustachio (D:5)
  13 hippogriffs
  41 yaks
  2 wyverns
  2 wraiths
  A hungry ghost (D:9)
  2 basilisks
  A steam dragon (Lair:8)
  2 mottled dragons (Lair:8)
  17 water moccasins
  14 porcupines
  5 ice beasts
  7 orc warriors
  4 sky beasts
  A slave (D:9)
  2 phantoms
  2 wasps (Lair:8)
  3 necrophages
  2 scorpions
  38 wolves
  6 ogres
  19 crocodiles
  3 centaurs
  Blork the orc (D:6)
  2 big kobolds (D:8)
  21 giant frogs
  8 killer bees
  5 wights (D:9)
  6 howler monkeys
  4 electric eels
  3 crimson imps
  A quasit (D:10)
  5 hounds
  10 orc priests
  5 giant frog skeletons
  3 iron imps (D:10)
  15 orc wizards
  2 centaur skeletons
  13 iguanas
  7 worker ants
  19 sheep
  A giant frog simulacrum (D:10)
  A hound skeleton (D:10)
  3 worker ant zombies
  3 gnolls (D:3)
  62 river rats
  10 adders
  3 shadow imps
  4 white imps (D:10)
  A worker ant simulacrum (D:10)
  An ufetubus (D:10)
  3 oozes
  2 adder skeletons (D:5)
  21 worms
  4 dart slugs
  5 giant geckos
  73 orcs
  2 ball pythons
  6 bats
  4 giant cockroaches
  9 goblins
  12 hobgoblins
  10 jackals
  3 quokkas
  A giant cockroach zombie (D:5)
  2 giant gecko skeletons
  9 giant newts
  17 kobolds
  2 quokka skeletons
  5 rats
  2 fungi
  A plant (Lair:8)
763 creatures vanquished.

Vanquished Creatures (collateral kills)
  Erolcha (D:10)
  A polar bear (IceCv)
  A yak (IceCv)
  4 orc warriors
  A wolf (IceCv)
  An ogre (D:10)
  An orc wizard (Orc:1)
  2 orcs
  2 kobolds (D:8)
14 creatures vanquished.

Vanquished Creatures (others)
  A dancing weapon (D:8)
  A slave (D:9)
  An orc wizard (Orc:1)
  A white imp (D:10)
  A goblin (D:1)
  A kobold (D:8)
  15 fungi
  24 plants
45 creatures vanquished.

Grand Total: 822 creatures vanquished

Notes
Turn   | Place    | Note
--------------------------------------------------------------
     0 | D:1      | Wooh the Felid Enchanter began the quest for the Orb.
     0 | D:1      | Reached XP level 1. HP: 7/7 MP: 4/4
   371 | D:1      | Reached skill level 3 in Dodging
   444 | D:1      | Reached XP level 2. HP: 7/11 MP: 6/6
  1484 | D:1      | Reached XP level 3. HP: 9/14 MP: 7/7
  1638 | D:1      | Reached skill level 4 in Dodging
  1996 | D:1      | Reached skill level 5 in Stealth
  2772 | D:2      | Learned a level 3 spell: Confuse
  2945 | D:2      | Reached XP level 4. HP: 18/18 MP: 8/8
  3484 | D:2      | Learned a level 2 spell: Ensorcelled Hibernation
  3551 | D:2      | Found a snail-covered altar of Cheibriados.
  4413 | D:3      | Slain by a gnoll
  4414 | D:3      | Reached XP level 3. HP: -1/14 MP: 4/7
  4469 | D:3      | Reached XP level 4. HP: 18/18 MP: 0/8
  4487 | D:3      | Reached skill level 5 in Hexes
  5010 | D:3      | Reached XP level 5. HP: 21/21 MP: 9/9
  5330 | D:4      | Noticed an ogre
  5341 | D:4      | Killed an ogre
  5341 | D:4      | Gained mutation: You are covered in thick fur (AC +2). [Felid growth]
  5341 | D:4      | Reached XP level 6. HP: 20/24 MP: 5/10
  5719 | D:5      | Entered Level 5 of the Dungeon
  5766 | D:5      | Noticed a sky beast
  5788 | D:5      | Killed a sky beast
  5788 | D:5      | Reached skill level 5 in Dodging
  5792 | D:5      | Gained mutation: Your flesh is heat resistant. [mutagenic meat]
  5793 | D:5      | Gained mutation: Your mind is acute. (Int +2) [mutagenic meat]
  6016 | D:5      | Noticed an ice beast
  6110 | D:5      | Killed an ice beast
  6110 | D:5      | Reached skill level 6 in Dodging
  6227 | D:5      | Learned a level 3 spell: Tukima's Dance
  6241 | D:5      | Reached XP level 7. HP: 27/27 MP: 11/11
  6289 | D:5      | Found a basalt altar of Yredelemnul.
  6474 | D:5      | Reached skill level 5 in Unarmed Combat
  6823 | D:5      | Found a shimmering altar of Xom.
  6935 | D:5      | Found a white marble altar of Elyvilon.
  7121 | D:6      | Noticed Eustachio
  7402 | D:5      | Killed Eustachio
  7463 | D:6      | Reached XP level 8. HP: 31/31 MP: 6/12
  7632 | D:6      | Reached skill level 1 in Fighting
  8079 | D:6      | Noticed Blork the orc
  8085 | D:6      | Killed Blork the orc
  8085 | D:6      | Reached skill level 5 in Fighting
  8745 | D:7      | Reached XP level 9. HP: 40/40 MP: 13/13
  8750 | D:7      | Learned a level 3 spell: Dazzling Spray
  8796 | D:7      | Reached skill level 10 in Stealth
  8959 | D:7      | Found a staircase to the Ecumenical Temple.
  8965 | Temple   | Entered the Ecumenical Temple
  9039 | Temple   | Became a worshipper of Nemelex Xobeh the Trickster
  9330 | D:8      | Received a gift from Nemelex Xobeh
  9370 | D:8      | Noticed Psyche
  9395 | D:8      | Killed Psyche
  9477 | D:8      | Killed from afar by an orc wizard
  9478 | D:8      | Reached XP level 8. HP: -1/37 MP: 1/12
  9636 | D:8      | Reached skill level 1 in Evocations
 10465 | D:8      | Reached skill level 5 in Evocations
 10465 | D:8      | Reached XP level 9. HP: 31/40 MP: 2/13
 10613 | D:8      | Noticed Joseph
 10644 | D:8      | Killed Joseph
 11322 | D:9      | Noticed Pikel
 11661 | D:9      | Killed Pikel
 11661 | D:9      | Reached skill level 7 in Dodging
 11812 | D:9      | Reached skill level 8 in Dodging
 11902 | D:9      | Found a glowing golden altar of the Shining One.
 11904 | D:9      | Found a blossoming altar of Fedhas.
 11911 | D:9      | Found a sacrificial altar of Ru.
 11921 | D:9      | Found a shattered altar of Ashenzari.
 11928 | D:9      | Found a burning altar of Makhleb.
 11935 | D:9      | Found an opulent altar of Gozag.
 11939 | D:9      | Found an ancient bone altar of Kikubaaqudgha.
 12025 | D:9      | Noticed Prince Ribbit
 12029 | D:9      | Reached XP level 10. HP: 44/44 MP: 13/16
 12030 | D:9      | Reached * piety under Nemelex Xobeh
 12035 | D:9      | Killed Prince Ribbit
 12035 | D:9      | Reached skill level 9 in Dodging
 12191 | D:9      | Received a gift from Nemelex Xobeh
 12257 | D:9      | Reached skill level 10 in Dodging
 12671 | D:10     | Entered Level 10 of the Dungeon
 12684 | D:10     | Reached skill level 11 in Dodging
 13296 | D:10     | Reached skill level 12 in Dodging
 13308 | D:10     | Noticed a hill giant
 13312 | D:10     | Killed a hill giant
 13540 | D:10     | Found Rehu's Assorted Antiques.
 13541 | D:10     | Noticed a hill giant
 13552 | D:10     | Noticed a giant orange brain
 13552 | D:10     | a hill giant changed into a giant orange brain
 13883 | D:10     | Noticed Erolcha
 13892 | D:10     | Slain by Erolcha
 13892 | D:10     | Killed Erolcha
 13893 | D:10     | Reached XP level 9. HP: 1/42 MP: 12/15
 14021 | D:10     | Reached XP level 10. HP: 46/46 MP: 12/16
 14502 | D:11     | Noticed Sonja
 14544 | D:10     | a giant orange brain changed into a snapping turtle
 14874 | D:11     | Killed Sonja
 15216 | D:11     | Found a staircase to the Orcish Mines.
 15401 | D:11     | Noticed a spiny frog
 15418 | D:11     | Killed a spiny frog
 15471 | D:11     | Received a gift from Nemelex Xobeh
 15475 | D:11     | Noticed a cyclops
 15487 | D:11     | Killed a cyclops
 15493 | D:11     | Found a staircase to the Lair.
 15500 | D:11     | Reached ** piety under Nemelex Xobeh
 15529 | D:11     | Reached XP level 11. HP: 51/51 MP: 3/17
 15899 | D:11     | Reached skill level 15 in Stealth
 16055 | D:12     | Received a gift from Nemelex Xobeh
 16115 | D:11     | Noticed a hill giant
 16137 | D:11     | Killed a hill giant
 16154 | Lair:1   | Entered Level 1 of the Lair of Beasts
 16236 | Lair:1   | Learned a level 1 spell: Summon Butterflies
 16680 | Lair:1   | Noticed a seven-headed hydra
 16699 | Lair:1   | Killed a seven-headed hydra
 17822 | Lair:2   | Reached *** piety under Nemelex Xobeh
 18013 | Lair:2   | Noticed barb4r1an's ghost (journeyman DECj)
 18064 | Lair:2   | Killed barb4r1an's ghost
 18298 | Lair:2   | Received a gift from Nemelex Xobeh
 18338 | Lair:1   | Noticed a five-headed hydra
 18366 | Lair:1   | Killed a five-headed hydra
 18559 | Lair:2   | Gained mutation: Your thick and shaggy fur keeps you warm (AC +3, rC+). [Felid growth]
 18559 | Lair:2   | Reached XP level 12. HP: 55/55 MP: 15/18
 18603 | Lair:2   | Reached skill level 10 in Unarmed Combat
 19185 | Lair:3   | Learned a level 2 spell: Blink
 19463 | Lair:3   | Reached skill level 13 in Dodging
 19725 | Lair:3   | Received a gift from Nemelex Xobeh
 20309 | Lair:4   | Noticed a seven-headed hydra
 20332 | Lair:4   | Reached **** piety under Nemelex Xobeh
 20707 | Lair:4   | Found a staircase to the Snake Pit.
 20780 | Lair:4   | Reached skill level 14 in Dodging
 20869 | Lair:4   | Received a gift from Nemelex Xobeh
 21212 | Lair:4   | Noticed a six-headed hydra
 21244 | Lair:4   | Killed a six-headed hydra
 21487 | Lair:4   | Received a gift from Nemelex Xobeh
 21970 | Lair:5   | Reached skill level 15 in Dodging
 23259 | Lair:5   | Reached XP level 13. HP: 37/58 MP: 15/21
 23329 | Lair:5   | Received a gift from Nemelex Xobeh
 23367 | Lair:5   | Reached skill level 5 in Spellcasting
 23596 | Lair:5   | Received a gift from Nemelex Xobeh
 23935 | Lair:6   | Learned a level 2 spell: Repel Missiles
 23962 | Lair:6   | Found a dark tunnel.
 23986 | Volcano  | Entered a volcano
 24005 | Volcano  | Found a radiant altar of Vehumet.
 24150 | Lair:6   | Received a gift from Nemelex Xobeh
 24178 | Lair:6   | Reached skill level 16 in Dodging
 24256 | Lair:6   | Found a frozen archway.
 24417 | IceCv    | Entered an ice cave
 25261 | IceCv    | Reached skill level 10 in Hexes
 26281 | IceCv    | Noticed an emperor scorpion
 26281 | IceCv    | a death yak changed into an emperor scorpion
 26284 | IceCv    | Noticed a frost giant
 26550 | IceCv    | Killed an emperor scorpion
 26923 | IceCv    | Drew Focus: Dex increased to 20, Str decreased to 3
 26925 | IceCv    | Killed a frost giant
 27215 | IceCv    | Reached XP level 14. HP: 63/63 MP: 24/24
 27336 | Lair:6   | Found a staircase to the Shoals.
 27401 | Lair:6   | Received a gift from Nemelex Xobeh
 27407 | Lair:6   | Reached ***** piety under Nemelex Xobeh
 28272 | Lair:7   | Received a gift from Nemelex Xobeh
 28806 | Lair:7   | Reached skill level 10 in Fighting
 29437 | Lair:8   | Entered Level 8 of the Lair of Beasts
 29478 | Lair:8   | Killed themself with a badly aimed orb of electricity
 29478 | Lair:8   | Reached skill level 17 in Dodging
 29479 | Lair:8   | Reached XP level 13. HP: 1/62 MP: 5/23
 29488 | Lair:8   | Found a staircase to the Slime Pits.
 29488 | Lair:8   | Found a viscous altar of Jiyva.
 30069 | Lair:8   | Reached skill level 18 in Dodging
 30467 | Lair:8   | Found a runed door.
 30485 | Lair:8   | Received a gift from Nemelex Xobeh
 30849 | Lair:8   | Reached XP level 14. HP: 34/66 MP: 19/24
 31233 | Lair:8   | Reached skill level 19 in Dodging
 31941 | Orc:1    | Entered Level 1 of the Orcish Mines
 31941 | Orc:1    | Found Amumyg's Jewellery Shop.
 32008 | Orc:1    | Found Xowas's Food Shop.
 32016 | Orc:1    | Received a gift from Nemelex Xobeh
 32109 | Orc:1    | Noticed Fannar
 32172 | Orc:1    | Found Epliang's Weapon Boutique.
 32200 | Orc:1    | Found Fakyxohe's Armour Shop.
 32298 | Orc:1    | Killed Fannar
 32417 | Orc:1    | Noticed a stone giant
 32476 | Orc:1    | Killed a stone giant
 32718 | Orc:1    | Found Zeonkea's Assorted Antiques.
 32880 | Orc:2    | Entered Level 2 of the Orcish Mines
 32908 | Orc:2    | Killed themself with a badly aimed orb of electricity

Skill      XL: |  1  2  3  4  5  6  7  8  9 10 11 12 13 14 |
---------------+-------------------------------------------+-----
Dodging        | 3 4 6 8 12 15 18 19 | 19.7
Stealth        | 5 7 9 12 14 15 | 15.7
Unarmed Combat | 2 3 5 9 10 | 10.6
Hexes          | 6 7 12 | 12.2
Fighting       | 5 7 8 10 | 10.5
Evocations     | 5 7 |  7.5
Spellcasting   | 4 6 |  6.0

Action                   |  1- 3 |  4- 6 |  7- 9 | 10-12 | 13-15 || total
-------------------------+-------+-------+-------+-------+-------++-------
Melee: Unarmed           |   182 |   150 |   303 |   780 |   883 ||  2298
       Bite              |    14 |    17 |    18 |    75 |    88 ||   212
       Punch             |       |     2 |     6 |    21 |    26 ||    55
 Cast: Ensorcelled Hiber |     3 |    21 |    94 |   187 |   156 ||   461
       Confuse           |       |    13 |    26 |    76 |    75 ||   190
       Tukima's Dance    |       |       |    11 |     4 |     3 ||    18
       Corona            |       |       |     4 |     1 |       ||     5
       Dazzling Spray    |       |       |     4 |    42 |    25 ||    71
       Blink             |       |       |       |     1 |     3 ||     4
Evoke: Wand              |       |       |     3 |    17 |    10 ||    30
       Deck              |       |       |     2 |    20 |    42 ||    64
       Disc of storms    |       |       |       |       |     1 ||     1
  Use: Scroll            |     5 |       |     1 |    11 |    10 ||    27
       Potion            |       |       |       |     1 |     1 ||     2
 Stab: Sleeping          |    11 |    25 |    72 |    94 |   133 ||   335
       Distracted        |     1 |     1 |     1 |     2 |     8 ||    13
       Confused          |       |     8 |    15 |    38 |    32 ||    93
       Paralysed         |       |       |     3 |     8 |       ||    11
       Invisible         |       |       |     1 |    20 |    11 ||    32
  Eat: Chunk             |    11 |     8 |    32 |    52 |    27 ||   130
Armor: Skin              |     8 |     1 |    10 |    15 |    13 ||    47
Dodge: Dodged            |   160 |    85 |   262 |  1118 |  1148 ||  2773
